AoeStats
← ABU-Abir

Arabian Desert

509862967Analyzed
1v1 RM · 5d ago on Sep 28, 2026· 34m 19s· 2 players
Game mode
Random Map
Map size
Tiny (2 player)
Population
200
Speed
Normal
Resources
Standard
Victory
Conquest
Starting age
Dark Age
Ending age
Imperial Age
RankedLock teamsTeams togetherTeam positionsShared explorationLock speedFull tech treeHidden civsTurbo modeCheats
Victory
Defeat
🇩🇪 Vietnamese · Germany
2191
+9
🇻🇳 Khitans · Vietnam
2031
-9
ABU-Abir
7:09 Loom
9:30 Feudal Age
10:07 Double-Bit Axe
9:47 Man-at-Arms
13:45 Horse Collar
16:57 Wheelbarrow
18:53 Gold Mining
21:25 Castle Age
19:54 Fletching
21:58 Bloodlines
22:02 Bodkin Arrow
22:19 Bow Saw
23:40 Hand Cart
24:17 Husbandry
26:57 Ballistics
27:27 Padded Archer Armor
29:36 Leather Archer Armor
30:16 Thumb Ring
31:54 Stone Mining
36:06 Imperial Age
34:58 Chatras
Sóc Min
6:10 Loom
8:27 Feudal Age
8:55 Double-Bit Axe
9:42 Domestication
21:14 Castle Age
19:54 Scale Barding Armor
20:03 Forging
19:48 Gold Mining
20:31 Scale Barding Armor
22:08 Bow Saw
24:02 Chain Barding Armor
24:06 Husbandry
26:39 Fletching
27:32 Wheelbarrow
27:28 Padded Archer Armor
26:56 Elite Skirmisher
27:31 Bodkin Arrow
30:07 Ballistics
30:50 Padded Archer Armor
31:52 Leather Archer Armor
31:47 Stone Mining
Connection lost

Rejoining the realm…

Still unreachable

The connection could not be restored.

Session expired

The server has moved on; the page needs a fresh start.